 Dungeon Crawl Stone Soup version 0.23-a0-242-g2b5ca64 (console) character file.

98 Voker57 the Skirmisher (level 4, -1/33 HPs)
             Began as a Demonspawn Abyssal Knight on Sept 21, 2018.
             Was a Believer of Lugonu.
             Killed by divine providence
             ... invoked by an orc priest
              (11 damage)
             ... on level 3 of the Dungeon on Sept 28, 2018.
             The game lasted 00:05:49 (3087 turns).

Voker57 the Skirmisher (Demonspawn Abyssal Knight)  Turns: 3087, Time: 00:05:50

Health: -1/33      AC:  4    Str: 13    XL:     4   Next: 43%
Magic:  5/6        EV: 11    Int: 13    God:    Lugonu [**....]
Gold:   123        SH:  0    Dex: 13    Spells: 3/3 levels left

rFire    . . .     SeeInvis .   a - +1 falchion
rCold    . . .     Gourm    .   (no shield)
rNeg     . . .     Faith    .   b - +0 leather armour
rPois    .         Spirit   .   (no helmet)
rElec    .         Reflect  .   (no cloak)
rCorr    .         Harm     .   e - +0 pair of gloves
MR       .....                  (no boots)
Stlth    +.........             (no amulet)
HPRegen  0.11/turn              (no ring)
MPRegen  0.10/turn              (no ring)

@: no status effects
A: claws 1, frail 1
a: Depart the Abyss, Bend Space, Renounce Religion


You were on level 3 of the Dungeon.
You worshipped Lugonu.
Lugonu was pleased with you.
You were not hungry.

You visited 1 branch of the dungeon, and saw 3 of its levels.
You visited the Abyss 1 time.

You collected 123 gold pieces.

Inventory:

Hand Weapons
 a - a +1 falchion (weapon)
Armour
 b - a +0 leather armour (worn)
 e - a +0 pair of gloves (worn)
Jewellery
 h - a cursed amulet of inaccuracy
Scrolls
 d - 5 scrolls of remove curse
 k - a scroll of identify
Potions
 g - 2 potions of mutation {unknown}
 i - a potion of cancellation {unknown}
 j - 2 potions of curing
 l - a potion of lignification {unknown}
 n - a potion of degeneration {unknown}
 p - a potion of berserk rage {unknown}
Comestibles
 c - 5 rations
 o - a chunk of flesh


   Skills:
 + Level 4.0 Fighting
 * Level 3.1 Long Blades
 - Level 1.7 Armour
 + Level 1.2 Dodging
 + Level 2.8 Invocations


You had 3 spell levels left.
You didn't know any spells.
Your spell library was empty.

Dungeon Overview and Level Annotations

Branches:
Dungeon (3/15)

Altars:
Makhleb
Xom
The Shining One


Innate Abilities, Weirdness & Mutations

You have sharp fingernails.
You are frail. (-10% HP)


Message History

An orc comes into view. It is wielding a short sword.
The orc shouts!
The orc priest looks braver for a moment.
Found a ring mail.
An orc priest comes into view. It is wielding a dagger.
The orc priest shouts!
The orc suddenly cheers, as Orcs often do.
The orc throws a tomahawk.
The tomahawk hits you.
You see here a tomahawk.
Okay, then.
As you read the scroll labeled NEUFEY NORCH, it crumbles to dust.
It is a scroll of amnesia.
You feel forgetful for a moment. The orc hits you with a flail!
An orc priest comes into view. It is wielding a flail.
As you read the scroll labeled VOGIZI QICKIT, it crumbles to dust.
Your +1 falchion glows shining gridelin for a moment.
It was a scroll of random uselessness.
The orc priest calls down the wrath of Beogh upon you.
Beogh smites you!
You die...

...............##.#
#...#########.....#
#..## .........####
...# .o.........
#..# ..........##
#..# oo......o.#
##.#$ ........oo#
#.## ........#.# #
........#o##.##.#
##### #o@.....#
##oo...## .......#
#.o...[.# #.......#
##...o.## ##...##
##o#


You could see 4 orc priests and 6 orcs.

Vanquished Creatures
  Robin (D:2)
  4 adders
  A worm (D:2)
  2 dart slugs
  A leopard gecko (D:1)
  An orc (D:3)
  2 giant cockroaches
  6 hobgoblins
  6 bats
  A frilled lizard (D:1)
  12 goblins (D:2)
  3 kobolds
  4 rats
44 creatures vanquished.

Notes
Turn   | Place    | Note
-------+----------+-------------------------------------------
     0 | Abyss:1  | Voker57 the Demonspawn Abyssal Knight began the quest for
                  | the Orb.
     0 | Abyss:1  | Reached XP level 1. HP: 18/18 MP: 2/2
     4 | Abyss:1  | Found a corrupted altar of Lugonu.
    22 | D:1      | Escaped the Abyss
   142 | D:1      | Gained mutation: You are frail. (-10% HP) [mutagenic glow]
   201 | D:1      | Reached skill level 1 in Dodging
   337 | D:1      | Gained mutation: You have sharp fingernails. [demonic
                  | ancestry]
   337 | D:1      | Reached XP level 2. HP: 21/21 MP: 4/4
  1025 | D:2      | Found a shimmering altar of Xom.
  1026 | D:2      | Found a shimmering altar of Xom.
  1425 | D:2      | Reached XP level 3. HP: 19/27 MP: 5/5
  1448 | D:2      | Reached ** piety under Lugonu
  1703 | D:2      | Noticed Robin
  1972 | D:2      | Killed Robin
  2116 | D:2      | Reached XP level 4. HP: 14/33 MP: 6/6
  2119 | D:2      | Upgraded the game from 0.23-a0-183-gf37f6fb to
                  | 0.23-a0-242-g2b5ca64
  2278 | D:2      | Reached skill level 4 in Fighting
  2615 | D:2      | Found a burning altar of Makhleb.
  2615 | D:2      | Found a glowing golden altar of the Shining One.
  2648 | D:2      | Found a shimmering altar of Xom.
  2648 | D:2      | Found a shimmering altar of Xom.
  2650 | D:2      | You fall through a shaft!
  3087 | D:3      | Killed from afar by an orc priest

Vault maps used:
D:1:      lightli_arrival_noodles, hex_large, kennysheep_nondescript
D:2:      amethyst_overflow_temple_binary, xom_redecorated, uniq_robin
D:3:      cheibrodos_pilgrimage, first_ration, uniq_terence

Skill      XL: |  1  2  3  4 |
---------------+-------------+-----
Dodging        | 1 |  1.2
Long Blades    | 2 3 |  3.1
Fighting       | 4 |  4.0
Armour         | |  1.7
Invocations    | |  2.8

Action                   |  1- 3 |  4- 6 || total
-------------------------+-------+-------++-------
Melee: Falchion          |   120 |    28 ||   148
Invok: Bend Space        |     1 |     1 ||     2
  Use: Scroll            |     4 |     2 ||     6
  Eat: Chunk             |     4 |     3 ||     7
Armor: Leather armour    |    30 |    10 ||    40
Dodge: Dodged            |    74 |    11 ||    85
       Rpst.: Falchion   |    16 |     6 ||    22

Table legend:
 A = Non-vault XP
 B = Vault XP
 C = Vault XP percentage of total XP
 D = Non-vault monster count
 E = Vault monster count
 F = Vault count percentage of total count
                 A         B        C        D         E       F
            +---------+---------+-------+---------+---------+-------
      Total |     100 |      40 |  28.6 |      30 |      14 |  31.8
            +---------+---------+-------+---------+---------+-------
        D:1 |      22 |       0 |   0.0 |      13 |       0 |   0.0
        D:2 |      50 |      35 |  41.2 |      14 |      12 |  46.2
        D:3 |      28 |       5 |  15.2 |       3 |       2 |  40.0
            +---------+---------+-------+---------+---------+-------
